Map: Triton LE

Players

Duff

  • Race: Terran Terran
  • Spawn Location: 5:00

Ratl - Winner!

  • Race: Protoss Protoss
  • Spawn Location: 11:00

VOD

Have the link to the VOD?

Description

Time

  • Played on: Dec. 22, 2019, 11:02 p.m.
  • Length: 16:24
Show
View Real Time Build Order
Export as new Build Order

Duff Terran 

Build Orders:  

Get SALT Encoding   

  12  0:06  SCV  
  13  0:19  SCV  
  14  0:28  Supply Depot  
  14  0:31  SCV  
  15  0:56  Barracks  
  15  0:59  SCV  
  15  1:03  Supply Depot  
  16  1:11  SCV  
  17  1:22  Barracks  
  17  1:33  SCV  
  18  1:45  SCV  
  19  1:53  Bunker  
  19  1:54  Marine  
  19  2:00  SCV  
  21  2:06  Barracks  
  21  2:12  Marine  
  21  2:14  Marine  
  23  2:24  Bunker  
  23  2:27  SCV  
  24  2:30  Marine  
  24  2:32  Marine  
  26  2:40  Refinery  
  26  2:48  Marine  
  27  3:09  SCV  
  28  3:19  Marine  
  29  3:20  Marine  
  30  3:35  Bunker  
  30  3:37  Marine  
  31  3:42  Supply Depot  
  31  4:03  Marine  
  31  4:06  Supply Depot  
  32  4:15  Command Center  
  32  4:20  Reaper  
  32  4:21  Reaper  
  32  4:30  Supply Depot  
  30  4:58  Command Center  
  30  5:06  Bunker  
  30  5:14  SCV  
  31  5:17  Refinery  
  31  5:20  Reaper  
  32  5:26  SCV  
  33  5:30  Factory  
  33  5:50  Reaper  
  34  5:57  SCV  
  35  6:07  Reaper  
  35  6:08  Reaper  
  35  6:10  SCV  
  38  6:20  SCV  
  38  6:23  Reaper  
  40  6:32  SCV  
  41  6:33  Factory Tech Lab  
  41  6:39  Engineering Bay  
  41  6:49  Factory  
  41  6:54  Marine  
  41  6:59  Supply Depot  
  42  7:03  SCV  
  42  7:07  Refinery  
  43  7:12  Marine  
  44  7:16  SCV, Marine  
  46  7:23  Supply Depot  
  46  7:26  Missile Turret  
  46  7:32  Siege Tank  
  46  7:34  Marine  
  50  7:46  Starport, Supply Depot, Factory Tech Lab  
  50  7:47  Missile Turret  
  50  7:50  Marine  
  51  7:59  Orbital Command  
  51  8:04  Siege Tank  
  54  8:07  Missile Turret  
  54  8:08  Marine  
  54  8:12  Missile Turret  
  55  8:30  SCV  
  56  8:36  Refinery  
  56  8:41  Liberator  
  56  8:43  SCV  
  56  8:47  Starport  
  57  8:55  SCV  
  58  9:02  Siege Tank  
  64  9:03  Siege Tank  
  67  9:13  SCV  
  68  9:21  Missile Turret  
  67  9:26  SCV  
  68  9:34  Siege Tank  
  71  9:41  Viking  
  71  9:45  Supply Depot  
  73  9:51  Liberator  
  73  10:07  Supply Depot  
  76  10:39  Command Center  
  76  11:19  Missile Turret  
  76  11:37  Starport Tech Lab  
  76  11:39  Starport Tech Lab  
  76  11:51  Supply Depot  
  76  11:56  SCV  
  77  12:08  SCV  
  78  12:23  Cyclone  
  78  12:24  Cyclone  
  78  12:25  Marine  
  78  12:26  Marine  
  86  12:43  Marine  
  87  12:44  Marine  
  87  12:49  Banshee  
  87  12:50  Banshee  
  94  12:55  Siege Tank  
  94  12:56  Siege Tank  
  100  13:01  Marine  
  100  13:02  Marine  
  102  13:28  Widow Mine  
  104  13:40  Armory  
  104  13:45  Liberator  
  104  13:47  Liberator  
  107  14:09  Siege Tank x2  
  116  14:40  Thor  
  116  14:41  Thor  
  128  14:54  Liberator  
  128  15:04  Marine  
  128  15:06  Marine  
  130  15:11  Liberator  
  133  15:23  Supply Depot  
  133  15:26  Marine x2  
  132  15:32  Thor  
  118  15:42  Siege Tank  
  88  15:44  Marine  
  88  15:45  Supply Depot  
  43  16:07  Supply Depot  
Show
View Real Time Build Order
Export as new Build Order

Ratl Protoss - Winner!

Build Orders:  

Get SALT Encoding   

  12  0:01  Probe  
  13  0:13  Probe  
  14  0:20  Pylon  
  14  0:25  Probe  
  15  0:31  Assimilator  
  15  0:38  Probe (Chrono Boost), Assimilator  
  16  0:51  Gateway  
  16  0:55  Probe  
  17  1:07  Probe  
  17  1:10  Gateway  
  18  1:19  Probe  
  19  1:37  Probe  
  20  1:40  Cybernetics Core  
  20  1:49  Probe  
  21  2:01  Probe  
  21  2:05  Pylon  
  22  2:13  Probe  
  23  2:25  Probe  
  23  2:28  Warp Gate (Chrono Boost)  
  24  2:31  Stalker  
  24  2:37  Probe, Stalker  
  29  2:47  Shield Battery  
  29  2:49  Pylon  
  29  2:58  Probe  
  30  3:07  Stalker  
  30  3:10  Probe  
  32  3:14  Pylon  
  32  3:19  Gateway  
  32  3:22  Probe  
  32  3:24  Stalker  
  35  3:37  Stalker  
  35  3:38  Robotics Facility  
  37  3:50  Probe  
  37  3:53  Stalker  
  40  4:11  Nexus  
  40  4:33  Probe  
  41  4:45  Probe  
  42  4:57  Probe  
  43  5:04  Observer  
  44  5:09  Probe, Stalker  
  47  5:20  Pylon  
  47  5:22  Probe  
  47  5:23  Pylon  
  47  5:27  Probe  
  49  5:34  Probe  
  50  5:39  Probe  
  51  5:46  Probe  
  51  5:48  Robotics Bay  
  52  5:51  Probe, Pylon  
  52  5:52  Pylon  
  52  5:54  Pylon  
  53  5:59  Probe  
  53  6:00  Stalker x3  
  53  6:03  Probe  
  61  6:16  Assimilator  
  61  6:17  Assimilator  
  61  6:18  Probe  
  61  6:19  Probe  
  61  6:23  Forge  
  61  6:25  Forge  
  63  6:30  Gateway  
  63  6:31  Gateway  
  63  6:33  Gateway  
  63  6:37  Gateway x2  
  63  6:42  Gateway  
  63  6:49  Warp Prism  
  65  7:06  Protoss Ground Armor Level 1 (Chrono Boost)  
  65  7:07  Protoss Ground Weapons Level 1 (Chrono Boost)  
  65  7:09  Stalker x3  
  71  7:27  Nexus  
  71  7:31  Assimilator  
  71  7:32  Assimilator  
  71  7:34  Pylon  
  71  7:37  Pylon, Stalker x2  
  75  7:47  Colossus  
  81  8:06  Extended Thermal Lance  
  81  8:15  Twilight Council  
  81  8:27  Stalker x3  
  87  8:34  Pylon  
  87  8:40  Colossus  
  87  8:46  Stalker x3  
  99  8:57  Protoss Ground Armor Level 2 (Chrono Boost)  
  99  9:05  Protoss Ground Weapons Level 2 (Chrono Boost)  
  99  9:14  Probe (Chrono Boost)  
  99  9:16  Probe (Chrono Boost)  
  102  9:20  Probe (Chrono Boost)  
  103  9:25  Probe x2 (Chrono Boost)  
  103  9:29  Probe (Chrono Boost)  
  103  9:30  Probe (Chrono Boost), Observer, Stalker x2  
  109  9:34  Colossus  
  115  10:19  Stalker x7  
  115  10:20  Stalker x2  
  133  10:22  Observer  
  133  10:24  Probe x2  
  133  10:25  Probe  
  137  10:36  Probe x2  
  137  10:37  Probe  
  140  10:43  Pylon  
  140  10:56  Pylon x2  
  140  10:58  Pylon  
  140  10:59  Pylon  
  146  11:04  Observer  
  141  11:14  Twilight Council  
  141  11:17  Protoss Ground Armor Level 3 (Chrono Boost)  
  141  11:19  Protoss Ground Weapons Level 3 (Chrono Boost)  
  141  11:22  Colossus  
  147  11:36  Gateway x2  
  147  11:38  Gateway  
  147  11:41  Stalker x4  
  147  11:42  Stalker x4  
  147  11:43  Stalker  
  165  12:01  Probe  
  166  12:12  Immortal  
  166  12:13  Probe  
  171  12:26  Probe  
  172  12:38  Nexus  
  172  12:42  Assimilator  
  172  12:45  Pylon, Assimilator  
  172  12:49  Pylon  
  172  12:50  Pylon  
  176  12:51  Immortal  
  176  12:52  Pylon  
  176  12:55  Pylon  
  176  12:58  Stalker x2  
  180  13:30  Immortal  
  184  13:43  Templar Archives  
  184  13:50  Dark Shrine  
  184  13:56  Probe x4  
  184  14:00  Blink  
  188  14:03  Protoss Shields Level 1  
  188  14:07  Immortal (Chrono Boost)  
  188  14:08  Probe x4  
  196  14:26  Stalker x2  
  188  15:40  Stalker x5  
  188  15:41  Stalker x3  
  176  15:45  Stalker  
  176  15:46  Stalker x3  
Tags
 
Matchup
PvT
Spawn Locations
Cross Positions
Add a new tag
Caveats
  • Supply blocks, unpowered buildings, or Contaminate may cause inaccurate times.
  • Supply counts are checked every 10 seconds.